 Dungeon Crawl Stone Soup version 0.28-a0-410-gbef64dd269 (webtiles) character file.

Game seed: 2291170704663651403

1632 Gwenloh the Magician (level 9, -13/66 HPs)
             Began as a Djinni Cinder Acolyte on Sept 6, 2021.
             Was a High Priest of Ignis.
             Mangled by a two-headed ogre (16 damage)
             ... on level 6 of the Dungeon.
             The game lasted 00:20:19 (6766 turns).

Gwenloh the Magician (Djinni Cinder Acolyte)        Turns: 6766, Time: 00:20:20

Health: -13/66     AC:  3    Str: 13    XL:     9   Next: 18%
Gold:   377        EV: 13    Int: 16    God:    Ignis [*****.] SH:  0 Dex: 12

rFire   + + +      SeeInvis .   w - +3 long sword
rCold   x . .      Faith    .   (no shield)
rNeg    . . .      Spirit   .   A - +0 leather armour
rPois   ∞          Reflect  .   (no helmet)
rElec   .          Harm     .   (no cloak)
rCorr   .          Rampage  .   (no gloves)
Will    .....                   (boots unavailable)
Stlth   +.........              B - amulet of regeneration
HPRegen 1.21/turn               (no ring)
MPRegen 0.00/turn               (no ring)

@: flying
A: sickness immunity, fire resistance 2, cold vulnerability 1, float, innate
caster, hp casting, extra vitality 1
a: Renounce Religion, Sea of Fire, Foxfire Swarm, Rising Flame


You were on level 6 of the Dungeon.
You worshipped Ignis.
Ignis was extremely pleased with you.
You visited 1 branch of the dungeon, and saw 6 of its levels.
You also visited: Sewer.

You collected 377 gold pieces.

Inventory:

Hand Weapons
 a - a -1 falchion of flaming
 w - a +3 long sword (weapon)
Missiles
 c - 21 sling bullets
 e - 129 stones
 G - 18 bolts
Armour
 b - a +0 robe
 d - a +0 ring mail
 A - a +0 leather armour (worn)
 E - a +0 buckler
Jewellery
 B - an amulet of regeneration (around neck)
Scrolls
 f - 3 scrolls of identify {unknown}
 j - a scroll of torment {unknown}
 l - 2 scrolls of holy word {unknown}
 m - 3 scrolls of teleportation {unknown}
 q - 2 scrolls of amnesia {unknown}
 r - a scroll of magic mapping {unknown}
 s - 2 scrolls of enchant weapon {unknown}
 t - a scroll of brand weapon {unknown}
 x - a scroll of fog {unknown}
 y - a scroll of enchant armour {unknown}
 D - 2 scrolls of vulnerability {unknown}
Potions
 g - 2 potions of curing
 h - a potion of brilliance {unknown}
 i - 2 potions of haste {unknown}
 k - 2 potions of heal wounds {unknown}
 n - a potion of invisibility {unknown}
 o - 2 potions of lignification {unknown}
 p - 2 potions of degeneration {unknown}
 u - 4 potions of mutation {unknown}
 v - 2 potions of might {unknown}
 z - a potion of magic {unknown}
 C - a potion of flight {unknown}
 F - 3 potions of ambrosia {unknown}


   Skills:
 + Level 5.7 Fighting
 + Level 5.3 Long Blades
 - Level 5.0 Dodging
 + Level 0.0 Shields
 * Level 5.9 Spellcasting


You had 7 spell levels left.
You knew the following spells:

 Your Spells              Type           Power      Damage    Failure   Level
a - Shock                 Conj/Air       92%        1d8       1%          1
b - Scorch                Fire           46%        2d7       2%          2
c - Blink                 Tloc           N/A        N/A       2%          2
d - Portal Projectile     Hex/Tloc       46%        N/A       4%          3
e - Ice Form              Ice/Tmut       23%        N/A       16%         4
Your spell library was empty.

Dungeon Overview and Level Annotations

Branches:
Dungeon (6/15)              Sewer (visited)
 Temple: D:4-7

Altars:
Trog

Shops:
D:3 *


Innate Abilities, Weirdness & Mutations

You are immune to sickness and miasma.
You are immune to poison.
Your flesh is very heat resistant. (rF++)
You are vulnerable to cold. (rC-)
You float through the air rather than walking.
You learn spells naturally, not from books.
Your magical power is your life essence.
You have superior vitality. (+4 HP)


Message History

You see here 2 large rocks.
A two-headed ogre is nearby!
The zap hits the two-headed ogre.
The two-headed ogre is lightly wounded.
The two-headed ogre shouts in stereo!
The zap hits the two-headed ogre.
The two-headed ogre is lightly wounded.
The zap hits the two-headed ogre.
The two-headed ogre is lightly wounded.
The zap hits the two-headed ogre.
The two-headed ogre is moderately wounded.
Casting: Shock (safe; 1% risk of failure)
Confirm with . or Enter, or press ? or * to list all spells.
Flames lash the two-headed ogre.
The two-headed ogre is moderately wounded.
The two-headed ogre's fire resistance burns away.
Casting: Scorch (safe; 2% risk of failure)
Confirm with . or Enter, or press ? or * to list all spells.
Flames lash the two-headed ogre.
The two-headed ogre is burned terribly!
The two-headed ogre is heavily wounded.
You hit the two-headed ogre.
The two-headed ogre is severely wounded.
The two-headed ogre hits you with a +0 giant club!
The two-headed ogre misses you.
You hit the two-headed ogre.
The two-headed ogre is severely wounded.
The two-headed ogre is no longer more vulnerable to fire.
The two-headed ogre hits you with a +0 giant club!
The two-headed ogre hits you with a +0 giant spiked club!!
* * * LOW HITPOINT WARNING * * *
Casting: Scorch (safe; 2% risk of failure)
Confirm with . or Enter, or press ? or * to list all spells.
Flames lash the two-headed ogre.
The two-headed ogre is severely wounded.
The two-headed ogre's fire resistance burns away.
* * * LOW HITPOINT WARNING * * *
The two-headed ogre hits you with a +0 giant club!
* * * LOW HITPOINT WARNING * * *
The two-headed ogre hits you with a +0 giant spiked club!
You die...

#.# #.....###..# #.#
###.###....# #.# #.#
#.#.## #.# #.# #.#.#
#######.#########[###.#.##
....................(.....
..........................
....###.###.#########.#.##
... #..@O...... ..#... ..
#####.###.. ####### . #
#..... #.####
..8.....8.....#
#..............#
#..............#
#............
#...>.......(


You could see a two-headed ogre (inflammable).

Vanquished Creatures
  Grinder (Sewer)
  2 sky beasts
  3 ice beasts (D:6)
  A phantom (Sewer)
  A kobold brigand (Sewer)
  2 scorpions (D:5)
  A wight (Sewer)
  A bullfrog zombie (D:6)
  A centaur zombie (D:5)
  3 hounds
  2 jellies (D:6)
  A centaur skeleton (D:5)
  Jessica (D:3)
  Natasha (thrice) (D:3)
  An iguana (D:5)
  8 gnolls
  6 adders
  2 shadow imps (Sewer)
  A white imp (D:6)
  4 ufetubi
  2 worms (D:4)
  A dart slug (D:4)
  6 orcs
  6 ball pythons (D:4)
  11 endoplasms
  4 giant cockroaches
  9 goblins
  7 hobgoblins
  7 jackals
  3 quokkas (D:4)
  12 bats
  4 frilled lizards
  26 kobolds
  2 kobold zombies (Sewer)
  4 rats
149 creatures vanquished.

Notes
Turn   | Place    | Note
-------+----------+-------------------------------------------
     0 | D:1      | Gwenloh the Djinni Cinder Acolyte began the quest for the
                  | Orb.
     0 | D:1      | Reached XP level 1. HP: 20/20 MP: 0/0
   307 | D:1      | Reached XP level 2. HP: 23/25 MP: 0/0
   776 | D:1      | Reached XP level 3. HP: 23/30 MP: 0/0
   776 | D:1      | Learned a level 1 spell: Shock
   870 | D:1      | Reached skill level 1 in Dodging
  1597 | D:2      | Reached XP level 4. HP: 33/35 MP: 0/0
  2132 | D:2      | Reached XP level 5. HP: 33/40 MP: 0/0
  2132 | D:2      | Learned a level 2 spell: Blink
  2248 | D:2      | Found a faded altar of an unknown god.
  2598 | D:3      | Noticed Natasha
  2602 | D:3      | Killed Natasha
  2928 | D:3      | Noticed Natasha
  2932 | D:3      | Killed Natasha
  3033 | D:3      | Noticed Jessica
  3037 | D:3      | Killed Jessica
  3038 | D:3      | Reached XP level 6. HP: 42/47 MP: 0/0
  3126 | D:3      | Found Ivopiw's General Store.
  3419 | D:3      | Noticed Natasha
  3426 | D:3      | Killed Natasha
  3793 | D:4      | Found a glowing drain.
  3802 | Sewer    | Entered a sewer
  4063 | Sewer    | Reached XP level 7. HP: 15/52 MP: 0/0
  4063 | Sewer    | Learned a level 3 spell: Portal Projectile
  4730 | Sewer    | Noticed Grinder
  4741 | Sewer    | Killed Grinder
  4742 | Sewer    | Reached XP level 8. HP: 34/58 MP: 0/0
  5116 | D:4      | Found a bloodstained altar of Trog.
  5546 | D:5      | Entered Level 5 of the Dungeon
  5562 | D:5      | Reached skill level 5 in Fighting
  5724 | D:5      | Reached skill level 5 in Spellcasting
  6503 | D:6      | Reached skill level 5 in Long Blades
  6512 | D:6      | Reached XP level 9. HP: 65/65 MP: 0/0
  6512 | D:6      | Learned a level 4 spell: Ice Form
  6559 | D:6      | Noticed a two-headed ogre
  6563 | D:6      | Reached skill level 5 in Dodging
  6766 | D:6      | HP: 3/66 [two-headed ogre (14)]
  6766 | D:6      | Mangled by a two-headed ogre

Illustrated notes

Levels and vault maps discovered:
D:1:      pf_arrival_petrified_forest, layout_loops_corners
D:2:      layout_rooms, chequers_ecumenical_altar_simple_redux,
          kennysheep_cross_room, chequers_serial_rivers_micro_a
D:3:      layout_basic, serial_shops, shop_fountains, nrook_loot_triangle,
          uniq_jessica, uniq_natasha
D:4:      layout_basic, lightli_temple_of_fire, cheibrodos_sewer_entry_drain
D:5:      layout_basic, minmay_misc_feat_tiny, hangedman_glass_teeth,
          minivault_5
D:6:      layout_basic, minmay_temple_entry_waves, ebering_ghost_disaster_area,
          st_stairs_1

Skill      XL: |  1  2  3  4  5  6  7  8  9 |
---------------+----------------------------+-----
Dodging        | 1 2 3 4 5 |  5.0
Long Blades    | 3 4 5 |  5.3
Spellcasting   | 3 4 5 |  5.9
Fighting       | 4 5 |  5.7

Action                   |  1- 3 |  4- 6 |  7- 9 || total
-------------------------+-------+-------+-------++-------
Melee: Falchion          |    41 |    36 |     4 ||    81
       Long sword        |       |       |    40 ||    40
Throw: Stone             |    12 |       |       ||    12
 Cast: Scorch            |    13 |    21 |    55 ||    89
       Shock             |    17 |   112 |    83 ||   212
  Use: Potion            |       |       |     1 ||     1
 Stab: Sleeping          |       |     1 |       ||     1
Armor: Robe              |    14 |    15 |     2 ||    31
       Leather armour    |       |       |    14 ||    14
Dodge: Dodged            |    23 |    47 |    55 ||   125

Table legend: (Time is in decaauts)
 A = Elapsed time spent in this place.
 B = Non-inter-level travel time spent in this place.
 C = Inter-level travel time spent in this place.
 D = Time resting spent in this place.
 E = Time spent auto-exploring this place.
 F = Levels seen in this place.
 G = Mean time per level.
                   A        B        C        D        E       F      G
               +--------+--------+--------+--------+--------+-----+--------+
         Total |   6792 |   6719 |     73 |    841 |   4909 |   7 |  970.3 |
       Dungeon |   5581 |   5508 |     73 |    199 |   4591 |   6 |  930.2 |
         Sewer |   1210 |   1210 |      0 |    642 |    318 |   1 | 1210.0 |
               +--------+--------+--------+--------+--------+-----+--------+

Top non-repeatable levels by time:
     D:1: 1332 daAuts
     D:2: 1218 daAuts
   Sewer: 1210 daAuts
     D:3: 993 daAuts
     D:4: 810 daAuts
     D:5: 800 daAuts
     D:6: 426 daAuts
